 Dungeon Crawl Stone Soup version 0.23.2-1-ga50397a (webtiles) character file.

Game seed: 14635922064450420971

2382 IBeShadow the Chiller (level 9, 0/117 HPs)
             Began as a Red Draconian Ice Elementalist on Apr 24, 2019.
             Was a Follower of Dithmenos.
             Slain by an adder skeleton (1 damage)
             ... on level 6 of the Dungeon.
             The game lasted 00:52:06 (8557 turns).

IBeShadow the Chiller (DrIE)                        Turns: 8557, Time: 00:52:06

Health: 0/117      AC: 24    Str: 17    XL:     9   Next: 22%
Magic:  19/19      EV:  2    Int: 20    God:    Dithmenos [*.....]
Gold:   298        SH:  0    Dex: 16    Spells: 16/19 levels left

rFire    . . .     SeeInvis .   o - +3 trident (pierce)
rCold    + + .     Gourm    .   (no shield)
rNeg     + + +     Faith    .   (armour unavailable)
rPois    +         Spirit   .   (helmet currently unavailable)
rElec    +         Reflect  .   (cloak currently unavailable)
rCorr    +         Harm     .   (gloves currently unavailable)
MR       .....     NoTele   +   (boots currently unavailable)
Stlth    ++++......             v - amulet of magic regeneration
HPRegen  0.29/turn              y - ring of poison resistance
MPRegen  0.41/turn              g - ring of ice

@: mighty, agile, lethally poisoned (0 -> -2), tree-form, resistant, wreathed by
umbra
A: (breathe fire), unfitting armour, clever 1, high mp 1, subdued magic 1, AC +7
a: Renounce Religion


You were on level 6 of the Dungeon.
You worshipped Dithmenos.
Dithmenos was aware of your devotion.
You were hungry.
You were a tree.
You visited 2 branches of the dungeon, and saw 8 of its levels.

You collected 298 gold pieces.

Inventory:

Hand Weapons
 o - a +3 trident of piercing (weapon)
 M - a +2 dagger of electrocution
 N - a +2 shortbow of freezing
Missiles
 c - 105 arrows
 e - 42 bolts
 k - 218 stones (quivered)
 z - 12 poisoned needles
Armour
 d - a +0 cloak (melded)
 h - a scarf of repulsion
 p - a +0 large shield
 q - a +1 hat (melded)
Jewellery
 g - a ring of ice (right branch)
 v - an amulet of magic regeneration (around neck)
 y - a ring of poison resistance (left branch)
 B - a cursed ring of teleportation
 E - the ring "Edomag" {rPois EV+2 Str+3 Int-3}
   (You found it on level 4 of the Dungeon)

   [ring of evasion]

   It affects your evasion (+2).
   It affects your strength (+3).
   It affects your intelligence (-3).
   It protects you from poison.
 L - an uncursed ring of protection from magic
Wands
 r - a wand of polymorph (5)
 J - a wand of acid (12)
Scrolls
 f - 4 scrolls of amnesia
 i - 10 scrolls of identify
 j - 2 scrolls of enchant armour
 l - 2 scrolls of teleportation
 t - 2 scrolls of blinking
 I - a scroll of fear
Potions
 u - 3 potions of flight
 H - a potion of resistance
Comestibles
 b - 10 rations


   Skills:
 + Level 6.4 Fighting
   Level 0.6 Maces & Flails
 - Level 1.8 Dodging
 + Level 3.9 Stealth
 + Level 5.9 Spellcasting
 - Level 1.1 Conjurations
 * Level 7.2 Ice Magic


You had 16 spell levels left.
You knew the following spells:

 Your Spells              Type           Power        Failure   Level  Hunger
a - Freeze                Ice            ####         1%          1    None
b - Throw Frost           Conj/Ice       ####..       2%          2    None

Your spell library contained the following spells:

 Spells                   Type           Power        Failure   Level  Hunger
 Ozocubu's Armour         Chrm/Ice       ###.....     5%          3    ##.....
 Throw Icicle             Conj/Ice       ####....     16%         4    ####...
 Summon Ice Beast         Ice/Summ       ###.....     21%         4    ####...


Dungeon Overview and Level Annotations

Branches:
Dungeon (7/15)             Temple (1/1) D:4

Altars:
Ashenzari
Dithmenos
Elyvilon
Fedhas
Gozag
Kikubaaqudgha
Makhleb
Nemelex Xobeh
Okawaru
Ru
Trog
Uskayaw
Vehumet
Wu Jian
Xom
Zin
The Shining One

Shops:
D:7 [

Annotations:
D:6 Prince Ribbit
D:7 Joseph


Innate Abilities, Weirdness & Mutations

((You can breathe blasts of fire.))
((Your fiery red scales are hard. (AC +7)))
You cannot fit into any form of body armour.
((Your flesh is heat resistant. (rF+)))
((You are cold-blooded and may be slowed by cold attacks.))
Your mind is acute. (Int +2)
You have an increased reservoir of magic. (+10% MP)
Your spells are a little easier to cast, but a little less powerful.


Message History

Press: ? - help, Shift-Dir - straight line, f - bat
Aim: a bat (chance to defeat MR: 63%)
The bat resists with significant effort.
* * * LOW HITPOINT WARNING * * *
You feel sick. The bat hits you but does no damage.
Aiming: Polymorph
Press: ? - help, Shift-Dir - straight line, f - you, p - bat Nothing appears to happen.
The bat hits you but does no damage.
Aiming: Polymorph
Press: ? - help, Shift-Dir - straight line, f - you Nothing appears to happen.
* * * LOW HITPOINT WARNING * * *
You feel sick. The bat hits you but does no damage.
The adder skeleton bites you but does no damage.
Aiming: Polymorph
Press: ? - help, Shift-Dir - straight line, f - adder skeleton
Aim: an adder skeleton (umbra, not susceptible)
The adder skeleton is unaffected.
The bat hits you but does no damage. The adder skeleton bites you.
You die...

.... ##.######...#....
.....####....##..........
......#..................
._..............###....)
..............### ##...#
.........####.# ##.<..
#.......## #.# #.....
.........## #.# #.....
#.....b♣..# ..# ##....#
###...Z..).....###.....#
##......####.#..###...
.......... #..# ...
...(......... ##.# ..#
.#............# #.## .#.
..............# ##.####.
.#....#......#####...##.
............


You could see a bat and an adder skeleton.

Vanquished Creatures
  A sky beast (D:5)
  An ice beast (D:6)
  A necrophage (D:5)
  A phantom (D:5)
  3 centaurs
  5 ogres
  A big kobold (D:7)
  A water moccasin skeleton (D:5)
  3 scorpions
  6 killer bees (D:6)
  2 wights
  A howler monkey (D:3)
  2 crimson imps
  2 hounds
  3 orc priests
  Natasha (twice) (D:2)
  2 iguanas
  5 orc wizards
  A worker ant (D:5)
  A hound zombie (D:5)
  Robin (D:2)
  8 adders
  An adder zombie (D:4)
  An adder skeleton (D:4)
  4 worms
  3 dart slugs
  A leopard gecko (D:4)
  16 orcs
  2 ball pythons
  9 bats
  6 giant cockroaches
  16 goblins
  11 hobgoblins
  7 jackals
  14 kobolds
  A quokka (D:6)
  2 frilled lizards
  A jackal skeleton (D:4)
  10 rats
158 creatures vanquished.

Notes
Turn   | Place    | Note
-------+----------+-------------------------------------------
     0 | D:1      | IBeShadow the Draconian Ice Elementalist began the quest
                  | for the Orb.
     0 | D:1      | Reached XP level 1. HP: 14/14 MP: 3/3
   172 | D:1      | Reached XP level 2. HP: 21/22 MP: 5/5
   189 | D:1      | Learned a level 2 spell: Throw Frost
   248 | D:1      | Reached skill level 1 in Fighting
   835 | D:2      | Noticed an ice beast
  1152 | D:2      | Reached XP level 3. HP: 28/28 MP: 4/6
  1520 | D:2      | Found a shimmering altar of Xom.
  1522 | D:2      | Noticed Natasha
  1527 | D:2      | Killed Natasha
  1527 | D:2      | Reached XP level 4. HP: 17/36 MP: 2/8
  1792 | D:2      | Noticed Robin
  1809 | D:2      | Gained mutation: Your spells are a little easier to cast,
                  | but a little less powerful. [potion of mutation]
  1809 | D:2      | Gained mutation: You have an increased reservoir of magic.
                  | (+10% MP) [potion of mutation]
  1809 | D:2      | Gained mutation: Your mind is acute. (Int +2) [potion of
                  | mutation]
  1809 | D:2      | Gained mutation: Your flesh is heat resistant. (rF+)
                  | [potion of mutation]
  1818 | D:2      | Killed Robin
  2254 | D:2      | Noticed Natasha
  2260 | D:2      | Killed Natasha
  2260 | D:2      | Reached skill level 4 in Ice Magic
  2260 | D:2      | Reached XP level 5. HP: 40/42 MP: 2/10
  3325 | D:3      | Noticed a centaur
  3490 | D:3      | Killed a centaur
  3603 | D:3      | Reached XP level 6. HP: 23/51 MP: 1/12
  3803 | D:3      | Reached skill level 5 in Ice Magic
  4226 | D:4      | Found a shattered altar of Ashenzari.
  4235 | D:4      | Your scales start taking on a fiery red colour.
  4235 | D:4      | Reduced skill Ice Magic to level 4
  4235 | D:4      | Reached XP level 7. HP: 59/59 MP: 11/14
  4235 | D:4      | Mutation became permanent: Your flesh is heat resistant.
                  | (rF+) [Red Draconian growth]
  4235 | D:4      | Gained mutation: Your flesh is heat resistant. (rF+) [Red
                  | Draconian growth]
  4271 | D:4      | Reached skill level 5 in Ice Magic
  4623 | D:4      | Found a staircase to the Ecumenical Temple.
  4657 | D:4      | Got a faintly glowing pewter ring
  4983 | Temple   | Entered the Ecumenical Temple
  5214 | Temple   | Became a worshipper of Dithmenos the Shadowed
  5230 | Temple   | Identified the ring "Edomag" {rPois EV+2 Str+3 Int-3} (You
                  | found it on level 4 of the Dungeon)
  5263 | D:5      | Entered Level 5 of the Dungeon
  5337 | D:5      | Reached skill level 5 in Fighting
  5337 | D:5      | Reached XP level 8. HP: 54/68 MP: 16/16
  5700 | D:5      | Reached skill level 5 in Spellcasting
  5700 | D:5      | Reached skill level 6 in Ice Magic
  6635 | D:6      | Found a radiant altar of Vehumet.
  6747 | D:6      | Found a hide-covered altar of Uskayaw.
  6754 | D:6      | Reached * piety under Dithmenos
  6760 | D:6      | Noticed a +0 dagger
  6760 | D:6      | Noticed a +0 hand axe
  7070 | D:6      | Found a sparkling altar of Nemelex Xobeh.
  7158 | D:6      | Found a bloodstained altar of Trog.
  7162 | D:6      | Noticed Prince Ribbit
  7181 | D:6      | Found a white marble altar of Elyvilon.
  7233 | D:6      | HP: 2/70 [killer bee (6)]
  7747 | D:6      | Reached XP level 9. HP: 37/75 MP: 14/19
  7755 | D:6      | Reached skill level 7 in Ice Magic
  8084 | D:7      | Found Laam Qof's Antique Armour Shoppe.
  8086 | D:7      | Noticed Joseph
  8548 | D:6      | Found an opulent altar of Gozag.
  8549 | D:6      | HP: 3/78 [poisoned by a killer bee]
  8554 | D:6      | HP: 1/117 [poisoned by a killer bee]
  8557 | D:6      | Slain by an adder skeleton

Skill      XL: |  1  2  3  4  5  6  7  8  9 |
---------------+----------------------------+-----
Fighting       | 1 2 3 4 5 6 |  6.4
Spellcasting   | 3 4 5 |  5.9
Ice Magic      | 4 4 5 6 7 |  7.2
Stealth        | 3 |  3.9
Maces & Flails | |  0.6
Dodging        | |  1.8
Conjurations   | |  1.1

Action                   |  1- 3 |  4- 6 |  7- 9 || total
-------------------------+-------+-------+-------++-------
Melee: Club              |    91 |       |       ||    91
       Tailslap          |    11 |    13 |    18 ||    42
       Unarmed           |     2 |       |       ||     2
       Falchion          |    14 |    65 |       ||    79
       Trident           |       |    32 |   222 ||   254
 Cast: Freeze            |     7 |    32 |    68 ||   107
       Throw Frost       |     9 |    27 |    61 ||    97
 Abil: Breathe Fire      |       |       |     4 ||     4
Evoke: Wand              |     2 |     3 |     6 ||    11
  Use: Potion            |       |     3 |     7 ||    10
       Scroll            |       |       |     9 ||     9
 Stab: Sleeping          |     6 |     1 |     1 ||     8
       Distracted        |       |       |     1 ||     1
  Eat: Chunk             |     3 |     9 |    11 ||    23
       Ration            |       |       |     1 ||     1
Armor: Skin              |    47 |    45 |   113 ||   205
Dodge: Dodged            |    91 |    90 |   280 ||   461
       Rpst.: Falchion   |     3 |    19 |       ||    22
